 Dungeon Crawl Stone Soup version 0.24.0-13-gcf9b319 (webtiles) character file.

Game seed: 10533862744942131301, levelgen mode: deterministic

54399 MrCreek the Unseen (level 14, -25/77 HPs)
             Began as a Spriggan Enchanter on Mar 8, 2020.
             Was an Initiate of Gozag.
             Hit by a large rock thrown by a cyclops (43 damage)
             ... on level 1 of the Orcish Mines on Mar 9, 2020.
             The game lasted 01:49:12 (28725 turns).

MrCreek the Unseen (Spriggan Enchanter)            Turns: 28725, Time: 01:49:13

Health: -25/77     AC:  6    Str:  4    XL:     14   Next: 34%
Magic:  36/38      EV: 26    Int: 26    God:    Gozag
Gold:   5612       SH:  0    Dex: 16    Spells: 1/33 levels left

rFire    . . .     SeeInvis +   a - +4 rapier (protect)
rCold    . . .     Gourm    .   (shield restricted)
rNeg     . . .     Faith    .   n - +1 robe {MR+}
rPois    +         Spirit   .   U - +2 hat
rElec    .         Reflect  .   T - +0 cloak {rPois}
rCorr    .         Harm     .   (gloves unavailable)
MR       +++..                  (boots unavailable)
Stlth    ++++++....             S - amulet of magic regeneration
HPRegen  0.22/turn              K - ring of magical power
MPRegen  0.51/turn              V - +4 ring of intelligence

@: gold aura, very quick
A: very small, unfitting armour, see invisible, herbivore, speed 3, slow
metabolism 2
a: Potion Petition, Call Merchant, Bribe Branch, Renounce Religion


You were on level 1 of the Orcish Mines.
You worshipped Gozag.
Gozag was greatly pleased with you.
You were not hungry.

You visited 4 branches of the dungeon, and saw 19 of its levels.
You also visited: Ossuary, Bailey and Gauntlet.

You collected 6019 gold pieces.
You spent 299 gold pieces at shops.
You paid 108 gold pieces to Gozag.

Inventory:

Hand Weapons
 a - a +4 rapier of protection (weapon)
 b - a +0 hunting sling
Missiles
 g - 568 stones (quivered)
 q - 10 throwing nets
 y - 353 arrows
 G - 128 sling bullets
Armour
 n - a +1 robe of magic resistance (worn)
 T - a +0 cloak of poison resistance (worn)
 U - a +2 hat (worn)
Jewellery
 i - an uncursed amulet of harm {unknown}
 F - the ring "Lymm" {Ice *Slow Str+4}
   (You found it in a Gauntlet)

   [ring of ice]

   It enhances your ice magic.
   It affects your strength (+4).
   It makes you vulnerable to fire.
   It protects you from cold.
   It may slow you when you take damage.
 K - a ring of magical power (left hand)
 L - an uncursed ring of protection from magic
 N - an uncursed ring of stealth
 P - the ring of Zoiheh {rPois rF- MP+9 Str+3}
   (You found it in a Gauntlet)

   [ring of poison resistance]

   It affects your strength (+3).
   It makes you vulnerable to fire.
   It protects you from poison.
   It affects your magic capacity (+9).
 Q - an uncursed ring of flight
 R - an uncursed ring of protection from fire
 S - an amulet of magic regeneration (around neck)
 V - a +4 ring of intelligence (right hand)
Wands
 h - a wand of acid (6)
 z - a wand of iceblast (11)
 E - a wand of enslavement (3)
 M - a wand of paralysis (27)
 Z - a wand of disintegration (23)
Scrolls
 c - a scroll of amnesia
 r - 10 scrolls of teleportation
 s - 21 scrolls of remove curse
 t - 2 scrolls of immolation
 u - 6 scrolls of fear
 w - 3 scrolls of fog
 H - 4 scrolls of enchant weapon
 J - 2 scrolls of magic mapping
 X - 2 scrolls of blinking
Potions
 e - 2 potions of might
 j - a potion of flight
 l - 3 potions of lignification
 m - 4 potions of curing
 o - a potion of brilliance
 p - a potion of invisibility
 x - 5 potions of haste
 B - 3 potions of agility
 C - a potion of berserk rage
 I - 2 potions of magic {unknown}
 W - 2 potions of heal wounds
Miscellaneous
 f - a phantom mirror
 Y - a crystal ball of energy
Comestibles
 d - 28 rations


   Skills:
 * Level 10.9 Fighting
 + Level 9.9 Short Blades
 - Level 10.0 Dodging
 - Level 15.0 Stealth
 - Level 10.0 Spellcasting
 - Level 4.0 Conjurations
 + Level 8.1 Hexes
 - Level 4.0 Summonings
 - Level 5.0 Translocations
 - Level 6.1 Transmutations
 - Level 3.0 Air Magic
 - Level 3.0 Earth Magic
 + Level 9.7 Evocations


You had one spell level left.
You knew the following spells:

 Your Spells              Type           Power        Failure   Level  Hunger
b - Petrify               Tmut/Erth      #####...     7%          4    None
c - Confuse               Hex            ######..     1%          3    None
d - Tukima's Dance        Hex            ######..     1%          3    None
e - Dazzling Spray        Conj/Hex       #####.       1%          3    None
i - Invisibility          Hex            ######..     24%         6    #####..
p - Ensorcelled Hibernat  Hex/Ice        ####..       1%          2    None
q - Blink                 Tloc           N/A          1%          2    None
s - Summon Small Mammal   Summ           ####         1%          1    None
v - Yara's Violent Unrav  Hex/Tmut       ######....   7%          5    ####...
C - Mephitic Cloud        Conj/Pois/Air  ####....     5%          3    None

Your spell library contained the following spells:

 Spells                   Type           Power        Failure   Level  Hunger
 Apportation              Tloc           #####.       1%          1    None
 Confusing Touch          Hex            ######       1%          1    None
 Corona                   Hex            ######.      1%          1    None
 Magic Dart               Conj           ####         1%          1    None
 Summon Butterflies       Summ           ####....     1%          1    None
 Animate Skeleton         Necr           N/A          4%          1    None
 Infusion                 Chrm           ##..         4%          1    None
 Call Imp                 Summ           ####....     1%          2    None
 Searing Ray              Conj           ####..       1%          2    None
 Slow                     Hex            ######..     1%          2    None
 Gell's Gravitas          Tloc           #####.....   1%          3    None
 Lesser Beckoning         Tloc           #####.....   1%          3    None
 Shroud of Golubria       Chrm/Tloc      ####..       2%          2    None
 Spectral Weapon          Hex/Chrm       ####....     2%          3    None
 Fulminant Prism          Conj/Hex       #####.....   3%          4    None
 Conjure Flame            Conj/Fire      ###.....     6%          3    None
 Corpse Rot               Necr           N/A          7%          2    None
 Song of Slaying          Chrm           ##......     7%          2    None
 Sublimation of Blood     Necr           ##........   7%          2    None
 Force Lance              Conj/Tloc      #####...     7%          4    None
 Iskenderun's Mystic Bla  Conj           ####....     9%          4    None
 Regeneration             Chrm/Necr      ##........   14%         3    None
 Metabolic Englaciation   Hex/Ice        ####......   24%         5    ####...
 Alistair's Intoxication  Tmut/Pois      ####....     36%         5    ####...
 Bolt of Draining         Conj/Necr      ###.......   50%         5    ####...
 Agony                    Necr           ##......     77%         5    ####...
 Dispel Undead            Necr           ##......     77%         5    ####...
 Excruciating Wounds      Chrm/Necr      ##........   77%         5    ####...


Dungeon Overview and Level Annotations

Branches:
Dungeon (11/15)            Temple (1/1) D:6            Lair (6/6) D:8
 Shoals (0/4) Lair:3       Spider (0/4) Lair:2        Slime (0/5) Lair:5
    Orc (1/2) D:11        Ossuary (visited)          Bailey (visited)
Gauntlet (visited)

Altars:
Ashenzari
Cheibriados
Dithmenos
Elyvilon
Fedhas
Gozag
Hepliaklqana
Kikubaaqudgha
Makhleb
Nemelex Xobeh
Okawaru
Qazlal
Ru
Sif Muna
Trog
Uskayaw
Vehumet
Wu Jian
Xom
Yredelemnul
Zin
The Shining One
Beogh
Jiyva

Shops:
D:6 [   D:7 =

Annotations:
D:5 2 transporters, ew1980's ghost, novice GrFi


Innate Abilities, Weirdness & Mutations

You are very small and have problems with some larger weapons.
You are too small for most types of armour.
You have supernaturally acute eyesight. (SInv)
You are a herbivore.
You cover ground extremely quickly.
You need to consume almost no food.


Message History

Aiming: Ensorcelled Hibernation (safe; 1% risk of failure)
Press: ? - help, Shift-Dir - straight line, f - cyclops
Aim: a cyclops (chance to defeat MR: 45%)
The cyclops resists with some effort.
The cyclops completely misses you.
The cyclops throws a large rock.
The large rock hits you!!!
Ouch! That really hurt!
* * * LOW HITPOINT WARNING * * *
You see here 2 large rocks.
Casting: Ensorcelled Hibernation (safe; 1% risk of failure)
Confirm with . or Enter, or press ? or * to list all spells.
Aiming: Ensorcelled Hibernation (safe; 1% risk of failure)
Press: ? - help, Shift-Dir - straight line, f/p - cyclops
Aim: a cyclops (chance to defeat MR: 45%)
The cyclops looks drowsy...
The cyclops shouts!
You see here 2 large rocks.
The cyclops throws a large rock.
The large rock hits you!!!
Ouch! That really hurt!
You die...
Your body crumbles into a pile of gold.

## #. # .#... ##.....
##.#.. .#. #.C.# ......$
$ ##$.# ...... #
#..(##....._.....#
###.##...##..........#
#.......@#..$........##
....#....$....>.......##
.......................#
......................#
......................#
...................#.##
...........)..........#
#.......).............##
.......................##


You could see a cyclops.

Vanquished Creatures
  Josephine (Lair:6)
  3 hydras
  An ice dragon (Lair:6)
  A catoblepas (Lair:2)
  3 two-headed ogres
  5 death yaks (Lair:6)
  A death drake (Gauntlet)
  A wizard (Gauntlet)
  The ghost of Zeldest the Sneak, a novice NaWn of Cheibriados (D:7)
  3 lindwurms
  2 ugly things (D:11)
  A cyclops (D:11)
  8 elephants
  5 black mambas
  A merfolk siren (Lair:3)
  Psyche (D:8)
  Maurice (D:9)
  6 torpor snails (Lair:6)
  A gargoyle (D:11)
  13 spiny frogs
  A rime drake (Lair:3)
  5 komodo dragons
  5 trolls
  4 tyrant leeches (Lair:6)
  A polar bear (Lair:3)
  6 blink frogs
  7 hornets (Lair:6)
  8 hippogriffs
  6 wyverns
  3 wraiths (Lair:6)
  36 yaks
  Grum (D:8)
  9 basilisks
  4 hogs (D:8)
  A hungry ghost (D:9)
  A human (D:8)
  A warg (Orc:1)
  14 water moccasins
  9 porcupines
  7 gnoll sergeants
  12 orc warriors
  2 sky beasts (D:9)
  3 ice beasts
  2 black bears (D:10)
  A hornet zombie (D:9)
  14 ogres
  2 phantoms
  9 centaurs
  11 wolves
  13 crocodiles
  4 elf zombies (Ossuary)
  13 bullfrogs
  3 big kobolds
  A water moccasin skeleton (D:4)
  3 scorpions
  3 killer bees (D:9)
  4 wights (D:10)
  2 howler monkeys
  7 crimson imps
  4 bullfrog skeletons
  A quasit (D:9)
  3 bullfrog zombies
  6 centaur zombies
  2 human zombies (Ossuary)
  2 centaur skeletons
  2 jellies
  4 orc priests
  4 gnoll shamans (Bailey)
  12 hounds
  3 iguanas
  7 worker ants
  9 orc wizards
  11 hell rats (Lair:5)
  A killer bee zombie (D:9)
  A centaur simulacrum (D:7)
  3 hound zombies
  2 hound skeletons
  A spectral worker ant (D:7)
  3 mummies (Ossuary)
  3 worker ant zombies
  20 gnolls
  2 howler monkey skeletons
  12 adders
  2 shadow imps
  2 white imps (Gauntlet)
  An ooze (D:1)
  2 adder skeletons
  6 adder zombies (Ossuary)
  A worm (D:3)
  3 dart slugs
  5 leopard geckos
  51 orcs
  5 giant cockroaches
  9 goblins
  13 hobgoblins
  2 jackals (D:10)
  5 quokkas
  2 ball pythons
  4 bats
  6 frilled lizards
  3 goblin zombies (Ossuary)
  4 hobgoblin zombies (Ossuary)
  2 jackal skeletons (D:4)
  5 jackal zombies
  9 kobolds
  2 kobold zombies (Ossuary)
  An orc zombie (Ossuary)
  5 rats
  4 rat zombies (Ossuary)
  A plant (Lair:6)
570 creatures vanquished.

Vanquished Creatures (collateral kills)
  A two-headed ogre (D:10)
  Sigmund (D:4)
  An ogre (D:5)
  A bullfrog (Lair:4)
  4 gnoll sergeants
  A wight (D:10)
  A gnoll shaman (Bailey)
  An orc priest (D:6)
  6 gnolls
  7 orcs
24 creatures vanquished.

Vanquished Creatures (others)
  8 dancing weapons
  A gnoll shaman (Bailey)
  2 gnolls (Bailey)
  A bush (Lair:2)
  3 fungi
  9 plants
  7 toadstools (Lair:3)
31 creatures vanquished.

Grand Total: 625 creatures vanquished

Notes
Turn   | Place    | Note
-------+----------+-------------------------------------------
     0 | D:1      | MrCreek the Spriggan Enchanter began the quest for the Orb.
     0 | D:1      | Reached XP level 1. HP: 9/9 MP: 5/5
   222 | D:1      | Reached skill level 1 in Fighting
   290 | D:1      | Reached XP level 2. HP: 8/14 MP: 4/6
   294 | D:1      | Learned a level 2 spell: Ensorcelled Hibernation
   774 | D:1      | Reached skill level 5 in Stealth
   862 | D:1      | Reached XP level 3. HP: 17/18 MP: 6/8
  1469 | D:2      | Reached XP level 4. HP: 22/22 MP: 5/10
  1538 | D:2      | Reached skill level 6 in Stealth
  2360 | D:2      | Reached XP level 5. HP: 25/25 MP: 2/11
  2591 | D:3      | Reached skill level 7 in Stealth
  2597 | D:3      | Learned a level 3 spell: Confuse
  2601 | D:3      | Learned a level 3 spell: Tukima's Dance
  2605 | D:3      | Learned a level 3 spell: Dazzling Spray
  3473 | D:3      | Reached skill level 5 in Hexes
  3702 | D:4      | Noticed Sigmund
  3703 | D:4      | Reached XP level 6. HP: 30/30 MP: 13/13
  3712 | D:4      | Killed Sigmund
  3712 | D:4      | Reached skill level 8 in Stealth
  3882 | D:4      | Reached skill level 9 in Stealth
  3937 | D:4      | Reached skill level 5 in Spellcasting
  3998 | D:4      | Found a sand-covered staircase.
  4014 | Ossuary  | Entered an ossuary
  4338 | Ossuary  | Reached XP level 7. HP: 29/33 MP: 3/15
  5534 | Ossuary  | Reached XP level 8. HP: 36/37 MP: 15/19
  6231 | D:5      | Entered Level 5 of the Dungeon
  6300 | D:5      | Found a transporter.
  6315 | D:5      | Found a transporter.
  6318 | D:5      | Noticed ew1980's ghost (novice GrFi)
  6521 | D:5      | Learned a level 1 spell: Summon Small Mammal
  6940 | D:5      | Reached skill level 1 in Summonings
  7078 | D:5      | Found the +5 robe of Misfortune {*Contam Harm *Corrode
                  | *Drain *Slow EV+5}
  7083 | D:5      | Reached skill level 10 in Stealth
  7361 | D:6      | Found a staircase to the Ecumenical Temple.
  7385 | Temple   | Entered the Ecumenical Temple
  7633 | Temple   | Became a worshipper of Gozag Ym Sagoz the Greedy
  7843 | D:6      | Found Pymeusiu's Armour Shop.
  7851 | D:6      | Bought a +0 cloak for 54 gold pieces
  7926 | D:6      | Found a shattered altar of Ashenzari.
  8040 | D:6      | Reached XP level 9. HP: 33/41 MP: 12/22
  8240 | D:6      | Reached skill level 5 in Short Blades
  8438 | D:7      | Reached skill level 11 in Stealth
  8716 | D:7      | Found a shimmering altar of Xom.
  9271 | D:7      | Found a runed translucent gate.
  9272 | D:7      | Found a runed translucent gate.
  9272 | D:7      | Found a runed translucent gate.
  9272 | D:7      | Noticed Zeldest's ghost (novice NaWn)
  9400 | D:7      | Killed Zeldest's ghost
  9400 | D:7      | Reached skill level 12 in Stealth
  9508 | D:7      | Found Jeggecs's Jewellery Emporium.
  9513 | D:7      | Bought an uncursed ring of stealth for 245 gold pieces
  9901 | D:8      | Found a shimmering blue altar of Sif Muna.
  9939 | D:8      | Reached XP level 10. HP: 32/46 MP: 24/24
 10088 | D:8      | Reached skill level 1 in Conjurations
 10145 | D:8      | Noticed Grum
 10162 | D:8      | Reached skill level 5 in Dodging
 10213 | D:8      | Killed Grum
 10237 | D:8      | Learned a level 4 spell: Petrify
 10249 | D:8      | Noticed a two-headed ogre
 10256 | D:8      | Killed a two-headed ogre
 10570 | D:8      | Found a staircase to the Lair.
 10646 | D:8      | Noticed Psyche
 10654 | D:8      | Killed Psyche
 10812 | D:9      | Found a blossoming altar of Fedhas.
 10812 | D:9      | Found a shadowy altar of Dithmenos.
 10812 | D:9      | Found a burning altar of Makhleb.
 10812 | D:9      | Found a sacrificial altar of Ru.
 10813 | D:9      | Found a hide-covered altar of Uskayaw.
 11207 | D:8      | Learned a level 2 spell: Blink
 11211 | D:8      | Learned a level 3 spell: Mephitic Cloud
 11307 | D:9      | Reached skill level 1 in Translocations
 11338 | D:9      | Noticed Maurice
 11743 | D:9      | Reached skill level 1 in Air Magic
 11743 | D:9      | Reached XP level 11. HP: 36/53 MP: 7/25
 11915 | D:9      | Reached skill level 10 in Spellcasting
 12448 | D:9      | Killed Maurice
 12575 | Lair:1   | Entered Level 1 of the Lair of Beasts
 12885 | Lair:1   | Identified 2 scrolls of acquirement
 12921 | Lair:1   | Reached skill level 5 in Fighting
 12974 | Lair:1   | Reached skill level 5 in Translocations
 12992 | Lair:1   | Reached skill level 1 in Transmutations
 13205 | Lair:1   | Reached skill level 1 in Earth Magic
 13777 | Lair:2   | Reached skill level 10 in Dodging
 14247 | Lair:2   | Found a hole to the Spider Nest.
 14435 | Lair:2   | Reached XP level 12. HP: 61/61 MP: 27/27
 14585 | Lair:2   | Reached skill level 5 in Transmutations
 15159 | Lair:3   | Noticed a catoblepas
 15160 | Lair:3   | Noticed a six-headed hydra
 15587 | Lair:3   | Got a warped hat
 15593 | Lair:3   | Identified the +0 hat of Piafitoi {rCorr Int-5 Dex+5} (You
                  | acquired it on level 3 of the Lair of Beasts)
 15641 | Lair:3   | Killed a six-headed hydra
 15641 | Lair:3   | Reached skill level 13 in Stealth
 16201 | Lair:2   | Killed a catoblepas
 16402 | Lair:3   | Found a runed translucent door.
 16423 | Lair:3   | Reached skill level 1 in Evocations
 16462 | Lair:3   | Learned a level 5 spell: Yara's Violent Unravelling
 16670 | Lair:3   | Noticed a five-headed hydra
 16684 | Lair:3   | Killed a five-headed hydra
 16752 | Lair:3   | Found a staircase to the Shoals.
 17148 | Lair:4   | Found a gate leading to a gauntlet.
 17153 | Lair:4   | Reached skill level 14 in Stealth
 17175 | Gauntlet | Entered a Gauntlet
 17175 | Gauntlet | Found a transporter.
 17203 | Gauntlet | Found a transporter.
 17211 | Gauntlet | Found a transporter.
 17213 | Gauntlet | Found a transporter.
 17225 | Gauntlet | Found a transporter.
 17238 | Gauntlet | Found a runed translucent door.
 17240 | Gauntlet | Found a transporter.
 17243 | Gauntlet | Noticed a reaper
 17250 | Gauntlet | Found a transporter.
 17260 | Gauntlet | Found a transporter.
 17263 | Gauntlet | Noticed a dire elephant
 17272 | Gauntlet | Found a transporter.
 17273 | Gauntlet | Noticed a hell hog
 17280 | Gauntlet | Found a runed translucent door.
 17286 | Gauntlet | Found a transporter.
 17289 | Gauntlet | Found a transporter.
 17296 | Gauntlet | Found a transporter.
 17297 | Gauntlet | Found a transporter.
 17299 | Gauntlet | Found a transporter.
 17379 | Gauntlet | Got a scorched bronze ring
 17394 | Gauntlet | Identified the ring "Lymm" {Ice *Slow Str+4} (You found it
                  | in a Gauntlet)
 17557 | Gauntlet | Got a fine granite ring
 17744 | Gauntlet | Identified the ring of Zoiheh {rPois rF- MP+9 Str+3} (You
                  | found it in a Gauntlet)
 17759 | Gauntlet | Identified the +4 glaive "Orb Guardian's Foe" {chop, rElec
                  | MR++ Str-3}
 17759 | Gauntlet | Noticed a minotaur
 18326 | Lair:4   | Reached skill level 5 in Evocations
 18740 | Lair:3   | Reached XP level 13. HP: 32/69 MP: 18/28
 21513 | Lair:5   | Reached skill level 15 in Stealth
 21781 | Lair:5   | Found a viscous altar of Jiyva.
 21782 | Lair:5   | Found a staircase to the Slime Pits.
 21834 | Lair:6   | Entered Level 6 of the Lair of Beasts
 23547 | Lair:6   | Noticed Josephine
 23674 | Lair:6   | Killed Josephine
 24345 | Lair:6   | Found a runed translucent door.
 24347 | Lair:6   | Reached skill level 10 in Fighting
 25289 | Lair:6   | Reached XP level 14. HP: 77/77 MP: 29/29
 25488 | D:10     | Entered Level 10 of the Dungeon
 25538 | D:10     | Found a flagged portal.
 25583 | Bailey   | Entered a bailey
 27281 | D:11     | Learned a level 6 spell: Invisibility
 28039 | D:11     | Found a staircase to the Orcish Mines.
 28456 | Orc:1    | Entered Level 1 of the Orcish Mines
 28688 | Orc:1    | Found a roughly hewn altar of Beogh.
 28725 | Orc:1    | Hit by a large rock thrown by a cyclops

Levels and vault maps discovered:
D:1:      zaba_arrival_water, layout_loops_ring, minmay_misc_feat_doors
D:2:      cheibrodos_pilgrimage, layout_rooms
D:3:      layout_basic
D:4:      layout_cave_pods, nicolae_ossuary_entry_ruins,
          hangedman_decor_clover_reticule, uniq_sigmund
D:5:      layout_cave_pods, first_ration, gammafunk_ghost_stat_death,
          kennysheep_generic_room_7
D:6:      minmay_bubble_buster, layout_gridville, evilmike_ruin_ashenzari,
          minmay_temple_entry_waves, serial_shops, shop
D:7:      layout_basic, old_standard_altar, serial_shops, kennysheep_mini_moat,
          gammafunk_ghost_necromancy, feat_on_display
D:8:      layout_basic, lemuel_crystal_altar, lair_entry_dummy, grunt_livestock,
          ebering_dispersal_statue_hall, feat_on_display, uniq_grum, uniq_psyche
D:9:      minmay_imperfect_grid, layout_gridville, grunt_temple_overflow_open,
          uniq_maurice
D:10:     layout_basic, enter_bailey_7, minmay_circle_x
D:11:     layout_loops_cross, kennysheep_orc_monster_closet_entryway,
          grunt_decor_one_mirror, minmay_misc_feat_tower
Temple:   minmay_temple_curvy_branch
Lair:1:   layout_long_grid
Lair:2:   layout_cave_shapes, dummy_spider_entry, wad_woods_06
Lair:3:   gammafunk_lair_enchanted_lake, layout_hall_layers,
          minmay_shoals_entry_lonely_mermaid
Lair:4:   layout_cave_pods, gauntlet_entry_generic, lookout_lair_type,
          kennysheep_basilisk_garden, lemuel_fruit_fields
Lair:5:   layout_gridlike, dpeg_slime_entry_enclosed_altar
Lair:6:   wormcave, layout_long_grid, infiniplex_staircase_pool_2,
          uniq_josephine
Orc:1:    layout_caves, basic_altar

Skill      XL: |  1  2  3  4  5  6  7  8  9 10 11 12 13 14 |
---------------+-------------------------------------------+-----
Fighting       | 1 4 6 8 10 | 10.9
Stealth        | 5 6 7 9 10 12 14 15 | 15.0
Spellcasting   | 3 4 5 6 8 9 10 | 10.0
Hexes          | 4 5 7 8 |  8.1
Short Blades   | 2 4 7 8 9 |  9.9
Summonings     | 2 4 |  4.0
Dodging        | 8 10 | 10.0
Conjurations   | 2 3 4 |  4.0
Translocations | 2 5 |  5.0
Air Magic      | 1 3 |  3.0
Transmutations | 4 6 |  6.1
Earth Magic    | 2 3 |  3.0
Evocations     | 5 8 9 |  9.7

Action                   |  1- 3 |  4- 6 |  7- 9 | 10-12 | 13-15 || total
-------------------------+-------+-------+-------+-------+-------++-------
Melee: Dagger            |    80 |   175 |   353 |   229 |       ||   837
       Short sword       |       |       |    83 |       |       ||    83
       Rapier            |       |       |       |   238 |   540 ||   778
 Fire: Hunting sling     |       |       |     5 |    13 |    10 ||    28
 Cast: Corona            |     7 |       |       |       |       ||     7
       Ensorcelled Hiber |    16 |    39 |    43 |   162 |   146 ||   406
       Confuse           |       |    14 |    53 |    22 |    52 ||   141
       Dazzling Spray    |       |     4 |     9 |    47 |    75 ||   135
       Tukima's Dance    |       |     2 |    15 |     4 |    32 ||    53
       Mephitic Cloud    |       |       |       |     2 |    20 ||    22
       Summon Small Mamm |       |       |       |     7 |     1 ||     8
       Petrify           |       |       |       |     1 |    27 ||    28
Evoke: Wand              |       |       |       |       |     9 ||     9
  Use: Scroll            |       |     8 |     8 |    19 |     4 ||    39
       Potion            |       |       |       |    15 |       ||    15
 Stab: Sleeping          |    17 |    38 |    48 |   123 |   102 ||   328
       Confused          |       |     8 |    47 |    25 |    41 ||   121
       Distracted        |       |       |     1 |     2 |     8 ||    11
       Invisible         |       |       |       |    16 |    19 ||    35
       Petrified         |       |       |       |     1 |    16 ||    17
       Petrifying        |       |       |       |       |     6 ||     6
  Eat: Ration            |       |     3 |     3 |     5 |     5 ||    16
Armor: Robe              |     5 |    14 |    23 |    41 |    53 ||   136
Dodge: Dodged            |    63 |   157 |   270 |   372 |   437 ||  1299
